Map: [ESL] Ancient Cistern

Players

marcj (uThermal) - Winner!

  • Race: Terran Terran
  • League: Master
  • Spawn Location: 1:00

ShaDoWn

  • Race: Protoss Protoss
  • Spawn Location: 7:00

Event: HomeStory Cup XXIII

VOD

Have the link to the VOD?

Description

Time

  • Played on: July 1, 2023, 2:35 p.m.
  • Length: 4:34

All games in this series

Show
View Real Time Build Order
Export as new Build Order

marcj Terran - Winner!

Build Orders: 2 Factory 

Get SALT Encoding   

  12  0:00  SCV  
  13  0:12  SCV  
  14  0:16  Supply Depot  
  14  0:24  SCV  
  15  0:38  SCV  
  15  0:42  Barracks  
  16  0:45  Refinery  
  16  0:50  SCV  
  16  0:56  Refinery  
  17  1:02  SCV  
  18  1:14  SCV  
  19  1:28  Orbital Command  
  19  1:31  Reaper  
  20  1:44  Factory  
  21  1:54  SCV  
  21  2:04  Barracks Reactor  
  21  2:06  SCV  
  22  2:09  Supply Depot  
  22  2:18  SCV  
  23  2:26  Factory  
  23  2:31  Hellion  
  25  2:43  Reaper x2  
  27  2:45  SCV  
  28  2:52  Hellion, Supply Depot  
  28  2:57  SCV  
  31  3:02  Armory  
  31  3:14  Widow Mine  
  31  3:15  Hellion, Reaper  
  31  3:18  Supply Depot  
  36  3:23  Reaper  
  37  3:28  SCV  
  37  3:30  Supply Depot  
  38  3:40  Widow Mine, Hellion  
  42  3:47  Reaper  
  43  3:53  SCV  
  43  3:54  Supply Depot  
  43  3:55  Reaper  
  45  4:06  Factory Tech Lab  
Show
View Real Time Build Order
Export as new Build Order

ShaDoWn Protoss 

Build Orders:  

Get SALT Encoding   

  12  0:00  Probe  
  13  0:13  Probe  
  14  0:23  Pylon  
  14  0:25  Probe  
  15  0:41  Probe (Chrono Boost)  
  17  0:50  Probe (Chrono Boost)  
  17  0:52  Gateway  
  17  0:55  Probe  
  17  1:02  Assimilator  
  18  1:07  Probe  
  18  1:19  Probe  
  19  1:31  Probe  
  20  1:40  Cybernetics Core  
  20  1:43  Probe  
  21  1:55  Nexus  
  21  1:57  Pylon  
  21  2:00  Probe  
  22  2:04  Assimilator  
  22  2:12  Probe  
  22  2:14  Adept (Chrono Boost)  
  23  2:18  Warp Gate  
  25  2:24  Probe  
  26  2:36  Probe  
  27  2:41  Stalker  
  28  2:48  Probe  
  28  2:50  Twilight Council  
  29  3:00  Probe  
  30  3:07  Probe (Chrono Boost)  
  30  3:12  Shield Battery  
  31  3:14  Probe (Chrono Boost)  
  31  3:19  Probe (Chrono Boost)  
  33  3:26  Probe (Chrono Boost)  
  34  3:28  Probe (Chrono Boost)  
  34  3:30  Probe (Chrono Boost)  
  34  3:33  Probe  
  36  3:35  Gateway  
  37  3:42  Gateway  
  37  3:44  Probe  
  37  3:46  Probe  
  39  3:56  Probe  
  39  3:58  Probe  
  39  4:00  Pylon  
  41  4:05  Dark Shrine  
  41  4:08  Probe  
  42  4:10  Probe  
  42  4:15  Stalker  
  33  4:21  Probe  
  30  4:30  Stalker  
Tags
 
Add a new tag
Caveats
  • Supply blocks, unpowered buildings, or Contaminate may cause inaccurate times.
  • Supply counts are checked every 10 seconds.